cohdb
Replays
Latest Replays
All Replays
Popular Replays
Top Player Replays
Match Explorer
How It Works
Community
CoH3 Stats
Reddit
Sign in to upload your games and track your stats! →
Sign in with Steam
Match 42659492
Unlisted
Match 42659492
Overview
Messages
Build Orders
End
Selects Advanced Infantry Battlegroup
Construct Barracks
Riflemen Squad
M1 Mortar Team
Riflemen Squad
Selects Convert to Ranger Squad
Ranger Squad
Convert to Ranger Squad
Convert to Ranger Squad
Selects Frontline Medical Station
Frontline Medical Station
Selects Ammunition Storage
Selects M2A1 105mm Howitzer Emplacement
Engineer Squad
Mechanized Support Center
.30 cal Machine Gun
Selects 155mm Rapid Artillery Barrage
Construct Tank Depot
Scout Squad
Selects Infantry Assault
M4A1 Sherman Medium Tank
Infantry Assault
M4A1 76mm Conversion
Infantry Assault
LeopoldStotch
nidjo
matrix4x4
asd
Papa Chulo
Sir Rob
vio
Kamikaze
0
0
Comments
sign in to comment!
No comments posted yet!